 Dungeon Crawl Stone Soup version 0.31-a0-188-g5e087ee2ca (webtiles) character file.

Game seed: 482429134968459746

196 qw the Skirmisher (level 5, 0/29 HPs)
             Began as a Deep Elf Hunter on June 23, 2023.
             Slain by a hobgoblin (1 damage)
             ... led by Robin
             ... on level 3 of the Dungeon.
             The game lasted 00:00:52 (1472 turns).

qw the Skirmisher (Deep Elf Hunter)                 Turns: 1472, Time: 00:00:52

Health: 0/29       AC:  7    Str: 10    XL:     5   Next: 46%
Magic:  7/7        EV: 11    Int: 14    God:
Gold:   165        SH:  0    Dex: 18    Spells: 4/4 levels left

rFire   . . .        Y - +0 shortbow
rCold   . . .        (shield currently unavailable)
rNeg    . . .        f - +0 ring mail
rPois   .            (no helmet)
rElec   .            (no cloak)
rCorr   .            e - +0 pair of gloves
SInv    .            h - +0 pair of boots
Will    .....        (no amulet)
Stlth   +            (no ring)
HPRegen 0.24/turn    (no ring)
MPRegen 0.10/turn

%: no passive effects
@: no status effects
A: no striking features
a: no special abilities


You were on level 3 of the Dungeon.
You visited 1 branch of the dungeon, and saw 3 of its levels.

You collected 165 gold pieces.


   Skills:
 + Level 1.6 Fighting
 - Level 9.0 Ranged Weapons
 - Level 2.4 Dodging
 - Level 1.2 Stealth


You had 4 spell levels left.
You didn't know any spells.
Your spell library was empty.

Inventory:

Hand Weapons
 Y - a +0 shortbow (weapon)
Armour
 e - a +0 pair of gloves (worn)
 f - a +0 ring mail (worn)
 h - a +0 pair of boots (worn)
Jewellery
 i - a ring of ice
Scrolls
 a - a scroll of identify
 c - a scroll of fear {unknown}
 g - a scroll of immolation {unknown}
 k - a scroll of amnesia {unknown}
Potions
 b - a potion of cancellation
 d - a potion of mutation {unknown}
 j - a potion of degeneration {unknown}
 l - a potion of haste {unknown}

Dungeon Overview and Level Annotations

Branches:
Dungeon (3/15)

Altars:
Xom


Message History

The hobgoblin no longer looks unusually strong.
The hobgoblin misses you.
You shoot an arrow. The arrow hits the hobgoblin.
You kill the hobgoblin!
The hobgoblin barely misses you.
You shoot an arrow. The arrow hits the hobgoblin.
The hobgoblin is moderately wounded.
The hobgoblin hits you.
You shoot an arrow. The arrow hits the hobgoblin.
You kill the hobgoblin!
The goblin barely misses you. The hobgoblin barely misses you.
Your Ranged Weapons skill increases to level 9!
You shoot an arrow. The arrow closely misses the goblin.
The hobgoblin hits you.
You shoot an arrow. The arrow hits the goblin.
You kill the goblin!
The hobgoblin no longer looks unusually strong.
The hobgoblin hits you.
You shoot an arrow. The arrow closely misses the goblin.
The goblin barely misses you. The hobgoblin barely misses you.
You shoot an arrow. The arrow hits the goblin.
You kill the goblin!
The hobgoblin no longer looks unusually strong.
The hobgoblin hits you but does no damage. x2
You shoot an arrow. The arrow closely misses the hobgoblin.
The hobgoblin hits you but does no damage. x2
You shoot an arrow. The arrow closely misses the hobgoblin.
The hobgoblin hits you but does no damage.
The hobgoblin closely misses you. The hobgoblin barely misses you.
The hobgoblin misses you.
You shoot an arrow. The arrow hits the hobgoblin!
You kill the hobgoblin!
The hobgoblin barely misses you.
You shoot an arrow.
The arrow completely misses the hobgoblin.
The hobgoblin hits you.
You shoot an arrow. The arrow hits the hobgoblin.
The hobgoblin is almost dead.
The hobgoblin hits you.
You die...

. # ...#### #
#(...g## #####
#)@# #....
##)##### #....
#.....# #....
#####.#### #...(
#....# ####.?#
####.###.....#
#.##..##.##
######....##..##
##............###


You could see a hobgoblin.

Vanquished Creatures
  Natasha (twice) (D:2)
  2 orc wizards (D:3)
  Robin (D:3)
  An adder (D:2)
  2 worms (D:2)
  2 dart slugs
  5 orcs (D:3)
  3 endoplasms
  A giant cockroach (D:2)
  9 goblins
  7 hobgoblins
  8 jackals
  A quokka (D:1)
  4 ball pythons
  A bat (D:2)
  A frilled lizard (D:1)
  8 kobolds
  2 rats
60 creatures vanquished.

Notes
Turn   | Place    | Note
-------+----------+-------------------------------------------
     0 | D:1      | qw the Deep Elf Hunter began the quest for the Orb.
     0 | D:1      | Reached XP level 1. HP: 12/12 MP: 3/3
     0 | D:1      | 0 ||| qw: Version: 0.3-a-9-g12657ce
     0 | D:1      | 0 ||| qw: Game counter: 3451
     0 | D:1      | 0 ||| qw: Always use a shield: true
     0 | D:1      | 0 ||| qw: God list: Okawaru
     0 | D:1      | 0 ||| qw: Allow faded altars: false
     0 | D:1      | 0 ||| qw: Do Orc after D:15 true
     0 | D:1      | 0 ||| qw: Do second Lair branch before Depths: true
     0 | D:1      | 0 ||| qw: Lair rune preference: random
     0 | D:1      | 0 ||| qw: Plans: Normal
     0 | D:1      | 0 ||| PLANNING D:1-11
   217 | D:1      | Reached XP level 2. HP: 16/16 MP: 4/4
   327 | D:1      | Reached skill level 6 in Ranged Weapons
   449 | D:1      | 449 ||| UPGRADING to +0 pair of gloves.
   454 | D:1      | 454 ||| UPGRADING to +0 ring mail.
   464 | D:1      | 464 ||| DROPPING +0 leather armour.
   465 | D:1      | 465 ||| UPGRADING to +0 pair of boots.
   470 | D:1      | 470 ||| DROPPING ring of flight.
   471 | D:1      | 471 ||| READING 2 scrolls labelled INEIBO JESEZXO.
   472 | D:1      | 472 ||| DRINKING 2 smoky dark potions.
   473 | D:1      | 473 ||| DROPPING scroll of butterflies.
   474 | D:1      | 474 ||| DROPPING potion of invisibility.
   571 | D:2      | Noticed Natasha
   575 | D:2      | Killed Natasha
   576 | D:2      | Reached XP level 3. HP: 20/20 MP: 5/5
   583 | D:2      | Reached skill level 7 in Ranged Weapons
   736 | D:2      | 736 ||| READING scroll labelled VUMESEIRUG.
   737 | D:2      | 737 ||| READING scroll labelled DODIAJ ZERU.
   739 | D:2      | 739 ||| FLEEEEING.
   740 | D:2      | 740 ||| FLEEEEING.
   741 | D:2      | 741 ||| FLEEEEING.
   748 | D:2      | 748 ||| FLEEEEING.
   749 | D:2      | 749 ||| FLEEEEING.
   756 | D:2      | 756 ||| FLEEEEING.
   757 | D:2      | 757 ||| FLEEEEING.
   763 | D:2      | 763 ||| FLEEEEING.
   764 | D:2      | 764 ||| FLEEEEING.
   770 | D:2      | 770 ||| FLEEEEING.
   771 | D:2      | 771 ||| FLEEEEING.
   828 | D:2      | Reached XP level 4. HP: 25/25 MP: 6/6
   948 | D:2      | Noticed Natasha
   949 | D:2      | 949 ||| DROPPING +6 ring of intelligence.
   950 | D:2      | 950 ||| READING scroll labelled CATESEPLUB.
   951 | D:2      | 951 ||| READING 2 scrolls of identify.
   951 | D:2      | 951 ||| IDENTIFYING glowing red potion
   958 | D:2      | Killed Natasha
  1092 | D:3      | Reached skill level 8 in Ranged Weapons
  1170 | D:3      | 1170 ||| READING 2 scrolls of identify.
  1170 | D:3      | 1170 ||| IDENTIFYING pink potion
  1177 | D:3      | Found a shimmering altar of Xom.
  1276 | D:3      | Identified the staff of qw's Painful Death {Contam rPois
                  | Will++ rCorr SInv Poison}
  1293 | D:3      | HP: 5/25 [something/magic dart (3)]
  1294 | D:3      | 1294 ||| DRINKING potion of heal wounds.
  1302 | D:3      | Reached XP level 5. HP: 24/29 MP: 7/7
  1440 | D:3      | Noticed Robin
  1458 | D:3      | Killed Robin
  1464 | D:3      | Reached skill level 9 in Ranged Weapons
  1464 | D:3      | HP: 7/29 [hobgoblin[Robin] (1)]
  1465 | D:3      | HP: 2/29 [hobgoblin[Robin] (5)]
  1471 | D:3      | HP: 1/29 [hobgoblin[Robin] (3)]
  1472 | D:3      | Slain by a hobgoblin

Levels and vault maps discovered:
D:1:      nzn_arrival_depleted_hourglass, layout_rooms
D:2:      minmay_inner_zag, layout_rooms, uniq_natasha
D:3:      layout_rooms, tgw_xom, marbit_many_paths, uniq_robin

Skill      XL: |  1  2  3  4  5 |
---------------+----------------+-----
Ranged Weapons | 6 7 8 9 |  9.0
Fighting       | |  1.6
Dodging        | |  2.4
Stealth        | |  1.2

Action                     |  1- 3 |  4- 6 || total
---------------------------+-------+-------++-------
   Fire: Shortbow          |    69 |   106 ||   175
    Use: Scroll            |     3 |     3 ||     6
         Potion            |     1 |     1 ||     2
 Armour: Ring mail         |     7 |    47 ||    54
  Dodge: Dodged            |    15 |    47 ||    62

Table legend:
 A = Non-vault XP
 B = Vault XP
 C = Vault XP percentage of total XP
 D = Non-vault monster count
 E = Vault monster count
 F = Vault count percentage of total count
                 A         B        C        D         E       F
            +---------+---------+-------+---------+---------+-------
      Total |     182 |      99 |  35.2 |      41 |      19 |  31.7
            +---------+---------+-------+---------+---------+-------
        D:1 |      18 |       0 |   0.0 |      10 |       0 |   0.0
        D:2 |      68 |      61 |  47.3 |      16 |       7 |  30.4
        D:3 |      96 |      38 |  28.4 |      15 |      12 |  44.4
            +---------+---------+-------+---------+---------+-------
